[Event "45th FIDE Olympiad 2024"]
[Site "Budapest"]
[Date "2024.09.12"]
[Round "2.33"]
[White "Galaviz Medina, Sion Radamantys"]
[Black "Vitiugov, Nikita"]
[Result "1/2-1/2"]
[ECO "E73"]
[WhiteElo "2488"]
[BlackElo "2676"]
[Annotator "TA"]
[PlyCount "103"]
[EventDate "2024.09.05"]
[EventType "team-tourn"]
[EventCountry "HUN"]
[SourceTitle "playchess.com"]
[Source "ChessBase"]
[SourceQuality "1"]
[WhiteTeam "Mexico"]
[BlackTeam "England"]
[WhiteTeamCountry "MEX"]
[BlackTeamCountry "ENG"]
[TimeControl "40/5400+30:1800+30"]

1. d4 Nf6 2. c4 g6 3. Nc3 Bg7 4. e4 d6 5. Be2 O-O 6. Be3 Nc6 7. d5 Ne5 8. f4 Neg4 9. Bd2 {[%emt 0:00:39] Black must now prevent h3.} Nh6 {[%emt 0:00:32] White has an edge.} 10. Nf3 c6 11. O-O cxd5 12. cxd5 b5 13. Bd3 (13. Nxb5 $2 Qb6+ (13... Nxe4 $2 14. Be3 $17) 14. Nbd4 Nxe4 $19) 13... b4 14. Na4 {[%emt 0:01:22][%cal Oa1c1] Wards off Qb6+} Bd7 15. Kh1 (15. Bxb4 Nhg4 16. Bd2 Bxa4 17. Qxa4 Qb6+ 18. Kh1 (18. Qd4 $2 Qxd4+ 19. Nxd4 Nxe4 $19) 18... Nf2+ (18... Qxb2 $2 19. Rab1 $18) 19. Rxf2 Qxf2 $16) 15... Nhg4 16. h3 (16. Bxb4 $2 Ne3 17. Qb3 Qe8 $19) 16... Qa5 17. b3 Bb5 $1 18. Bxb5 Nxe4 {[%emt 0:00:14] [#]} 19. hxg4 Qxb5 20. Rc1 Ng3+ 21. Kh2 Nxf1+ 22. Qxf1 Qxd5 23. Bxb4 Rac8 24. Re1 h5 25. gxh5 Qxh5+ 26. Kg3 Bf6 27. Qd3 Qf5 28. Qxf5 gxf5 29. Nh4 Rc2 {[%emt 0:11:42] [#] ...Rb8 is the strong threat.} 30. Nxf5 Rb8 31. Ne3 $1 (31. Nxe7+ Bxe7 32. a3 Bf8 $19) (31. a3 a5 32. Bxa5 (32. Ne3 Rc6 $17) 32... Rxb3+ 33. Re3 Rb5 34. Nxe7+ Bxe7 $17) 31... Rxa2 32. Nd5 $36 {[%emt 0:00:04][%cal Oe1e3][%mdl 2048] White has good play.} a5 33. Nxf6+ (33. Bxa5 $2 Rxb3+ 34. Kh2 Rxa4 $19) 33... exf6 34. Nc3 (34. Bxd6 $2 {perishes.} Rxb3+ 35. Kg4 Rxa4 $19) 34... Rc2 (34... Rb2 $11 35. Bxa5 (35. Bxd6 R8xb3 36. Re3 Rc2 $11) 35... R2xb3) 35. Bxa5 $14 (35. Bxd6 $2 {loses.} Rxc3+ 36. Kh2 Rb5 (36... Rbxb3 37. Re8+ Kh7 38. Ra8 $19) 37. Re8+ Kg7 38. Bf8+ Kg6 $19) 35... Rxb3 {[%emt 0:01:05][%cal Oc2a2] Strongly threatening ...Ra2!} 36. Re3 Rbb2 37. Kg4 {[%emt 0:00:32] Threatens to win with g3.} Rxg2+ 38. Kf5 Rg6 39. Bd8 {[%emt 0:00:12][%mdl 1024] White has compensation.} Kg7 40. Nd5 Rb5 41. Rd3 Rh6 42. Ke4 f5+ 43. Kxf5 Rh5+ 44. Bg5 f6 45. Kg4 fxg5 46. Kxh5 gxf4 {[%emt 0:00:04][%cal Of4f3][%mdl 4096] Endgame. KRN-KR} 47. Kg4 Kf7 48. Kxf4 Ra5 49. Kf5 Rc5 {[%emt 0:00:28] White is slightly better.} 50. Rd1 Ra5 51. Rd2 Rc5 52. Ke4 {[%emt 0:00:25] Weighted Error Value: White=0.03 (flawless) /Black=0.03 (flawless) .  Mistake:       	---       	Black=1      Inaccurate:     	White=1     	---        OK:         	White=25    	Black=28     Best:        	White=5     	Black=4      Strong:       	White=1     	Black=1} 1/2-1/2

[Event "45th FIDE Olympiad 2024"]
[Site "Budapest"]
[Date "2024.09.12"]
[Round "2.33"]
[White "Pg, Md Omar Ak Hafizon"]
[Black "Murphy, Jones"]
[Result "1/2-1/2"]
[ECO "C47"]
[WhiteElo "2159"]
[BlackElo "2021"]
[Annotator "ChessBase"]
[PlyCount "72"]
[EventDate "2024.09.05"]
[EventType "team-tourn"]
[EventCountry "HUN"]
[SourceTitle "playchess.com"]
[Source "ChessBase"]
[SourceQuality "1"]
[WhiteTeam "Brunei Darussalam"]
[BlackTeam "Dominica"]
[BlackTeamCountry "DMA"]
[TimeControl "40/5400+30:1800+30"]

1. e4 e5 2. Nf3 Nc6 3. Nc3 Nf6 4. d4 exd4 5. Nxd4 Bb4 6. Nxc6 bxc6 7. Bd3 d5 8. exd5 cxd5 9. O-O c6 10. h3 O-O 11. Qf3 Be6 12. Bf4 Bd6 13. Rad1 Bxf4 14. Qxf4 Qb8 15. Qxb8 Raxb8 16. Na4 c5 17. Nxc5 Rxb2 18. a4 Rc8 19. Nb3 Nd7 20. f4 Nc5 21. Nxc5 Rxc5 22. Rb1 Rxb1 23. Rxb1 g6 24. g4 Bd7 25. Rb4 Ra5 26. Bb5 Bxb5 27. axb5 Ra2 28. Rd4 Rxc2 29. Rxd5 Rb2 30. f5 Kg7 31. g5 gxf5 32. Rxf5 Kg6 33. Rf6+ Kxg5 34. Rxf7 h5 35. Rxa7 Rxb5 36. Ra4 Rb2 1/2-1/2

[Event "45th FIDE Olympiad 2024"]
[Site "Budapest"]
[Date "2024.09.12"]
[Round "2.34"]
[White "Howell, David W L"]
[Black "Hernandez Guerrero, Gilberto"]
[Result "1-0"]
[ECO "E68"]
[WhiteElo "2677"]
[BlackElo "2482"]
[Annotator "RC"]
[PlyCount "159"]
[EventDate "2024.09.05"]
[EventType "team-tourn"]
[EventCountry "HUN"]
[SourceTitle "playchess.com"]
[Source "ChessBase"]
[SourceQuality "1"]
[WhiteTeam "England"]
[BlackTeam "Mexico"]
[WhiteTeamCountry "ENG"]
[BlackTeamCountry "MEX"]
[TimeControl "40/5400+30:1800+30"]

1. Nf3 Nf6 2. c4 g6 3. g3 Bg7 4. Bg2 O-O 5. O-O d6 6. d4 Nbd7 7. Nc3 e5 8. e4 exd4 9. Nxd4 Re8 10. h3 Nc5 11. Re1 h6 12. f3 Ne6 13. Be3 Nxd4 14. Bxd4 Be6 15. Qd3 c6 16. b3 a6 17. a4 Qa5 18. Ne2 d5 19. cxd5 cxd5 20. e5 Nd7 21. f4 Nc5 22. Bxc5 Qxc5+ 23. Kh2 Rac8 24. Rac1 Qa5 25. Nd4 Rxc1 26. Rxc1 Rc8 27. Rxc8+ Bxc8 28. Ne2 Be6 29. Nc3 Qc5 30. Nxd5 Qf2 31. b4 Bf8 32. Nf6+ Kg7 33. Ne8+ Kg8 34. Nf6+ Kg7 35. Ne8+ Kg8 36. Nd6 Qb2 37. Nxb7 Bxb4 38. Nd8 Qd2 39. Qe4 Ba2 40. e6 Qxd8 41. exf7+ Bxf7 42. Qxb4 a5 43. Qc3 Qb6 44. h4 Kh7 45. Qd2 Kg7 46. Be4 Qc5 47. Kg2 Be8 48. Qb2+ Kf7 49. Qb3+ Kg7 50. Qb2+ Kf7 51. Qb7+ Kg8 52. Qa8 Kf8 53. Bxg6 Qc6+ 54. Qxc6 Bxc6+ 55. Kf2 Bxa4 56. Ke3 Ke7 57. Kd4 Kd6 58. g4 Bd1 59. g5 hxg5 60. hxg5 Bb3 61. Bd3 Bd1 62. Bc4 Bc2 63. Bd3 Bd1 64. f5 a4 65. Bc4 Bc2 66. f6 Bg6 67. Kc3 Bf5 68. Kb4 Bc2 69. Ka3 Kd7 70. Bd5 Kd6 71. Ba2 Kd7 72. Kb2 Bg6 73. Bb1 Be8 74. Bf5+ Kd6 75. g6 Bc6 76. Ka3 Bb5 77. Kb4 Bc6 78. Ka3 Bb5 79. Bb1 Bc4 80. Ba2 1-0

[Event "45th FIDE Olympiad 2024"]
[Site "Budapest"]
[Date "2024.09.12"]
[Round "2.34"]
[White "Bridet, Robert"]
[Black "Yee, Soon Wei"]
[Result "0-1"]
[ECO "C50"]
[WhiteElo "1697"]
[BlackElo "2219"]
[Annotator "NA RC"]
[PlyCount "28"]
[EventDate "2024.09.05"]
[EventType "team-tourn"]
[EventCountry "HUN"]
[SourceTitle "playchess.com"]
[Source "ChessBase"]
[SourceQuality "1"]
[WhiteTeam "Dominica"]
[BlackTeam "Brunei Darussalam"]
[WhiteTeamCountry "DMA"]
[TimeControl "40/5400+30:1800+30"]

1. e4 e5 2. Nf3 Nc6 3. Bc4 Bc5 4. O-O Nf6 5. Nc3 d6 6. d3 Bg4 7. a3 Nd4 8. Bg5 c6 9. Nb1 Nxf3+ 10. gxf3 Bh3 11. Re1 h6 12. Be3 Nh5 13. Qd2 Qf6 14. b4 Qxf3 0-1

[Event "45th FIDE Olympiad 2024"]
[Site "Budapest"]
[Date "2024.09.12"]
[Round "2.35"]
[White "Cori Quispe, Kevin Joel"]
[Black "Adams, Michael"]
[Result "1/2-1/2"]
[ECO "C90"]
[WhiteElo "2461"]
[BlackElo "2661"]
[Annotator "TA"]
[PlyCount "72"]
[EventDate "2024.09.05"]
[EventType "team-tourn"]
[EventCountry "HUN"]
[SourceTitle "playchess.com"]
[Source "ChessBase"]
[SourceQuality "1"]
[WhiteTeam "Mexico"]
[BlackTeam "England"]
[WhiteTeamCountry "MEX"]
[BlackTeamCountry "ENG"]
[TimeControl "40/5400+30:1800+30"]

1. e4 e5 2. Nf3 Nc6 3. Bb5 a6 4. Ba4 Nf6 5. O-O Be7 6. d3 b5 7. Bb3 d6 8. c3 O-O 9. Re1 Na5 10. Bc2 c5 11. Nbd2 Nc6 12. Nf1 Re8 13. Ng3 h6 14. h3 Be6 15. d4 cxd4 16. cxd4 exd4 17. Nxd4 Nxd4 18. Qxd4 Rc8 19. Bb3 d5 20. e5 Bc5 21. Qd3 {[%emt 0:07:35] [#]} Ne4 22. Nxe4 dxe4 23. Qxe4 Qd4 {[%emt 0:04:13] Against Be3} 24. Qe2 Bxb3 25. axb3 Rc6 26. Be3 Qxe5 27. Qc2 {[%emt 0:02:39] [#] Black must now prevent Bxc5.} Rec8 28. Bxc5 {[%emt 0:00:47] The position is equal.} Rxc5 29. Rxe5 Rxc2 30. Rxa6 Rxb2 $11 {[%emt 0:00:05][%mdl 4096] Endgame. KRR-KRR} 31. Rf5 Rxb3 32. Ra7 Rf8 33. Rb7 b4 34. Rf4 Rb1+ 35. Kh2 b3 36. Rfb4 Rd8 {[%emt 0:00:45] Weighted Error Value: White=0.02 (flawless) /Black=0.03 (flawless) .  Inaccurate:     	---       	Black=1      OK:         	White=12    	Black=10} 1/2-1/2

[Event "45th FIDE Olympiad 2024"]
[Site "Budapest"]
[Date "2024.09.12"]
[Round "2.35"]
[White "Lim Teck Guan, Rodney"]
[Black "Thomas, Larry"]
[Result "1-0"]
[ECO "D06"]
[WhiteElo "1931"]
[BlackElo "1686"]
[Annotator "NA"]
[PlyCount "67"]
[EventDate "2024.09.05"]
[EventType "team-tourn"]
[EventCountry "HUN"]
[SourceTitle "playchess.com"]
[Source "ChessBase"]
[SourceQuality "1"]
[WhiteTeam "Brunei Darussalam"]
[BlackTeam "Dominica"]
[BlackTeamCountry "DMA"]
[TimeControl "40/5400+30:1800+30"]

1. d4 d5 2. c4 Nf6 3. cxd5 Nxd5 4. e4 Nb6 5. Nf3 e6 6. Be2 Be7 7. O-O O-O 8. Nc3 c6 9. a4 a5 10. Be3 N6d7 11. Qd2 b6 12. Rfd1 Ba6 13. d5 Bxe2 14. Nxe2 exd5 15. exd5 Nc5 16. d6 Bf6 17. Bxc5 bxc5 18. Nc3 Nd7 19. Ne4 Re8 20. Nxf6+ Qxf6 21. Re1 Kf8 22. h3 h6 23. Rac1 Re6 24. Rxe6 Qxe6 25. Rc3 Qd5 26. Rd3 Qe6 27. Qc3 Kg8 28. b3 Kf8 29. Kf1 Qe4 30. Nd2 Qb4 31. Nc4 f6 32. Re3 Re8 33. Rxe8+ Kxe8 34. Qe3+ 1-0

[Event "45th FIDE Olympiad 2024"]
[Site "Budapest"]
[Date "2024.09.12"]
[Round "2.36"]
[White "McShane, Luke J"]
[Black "Ibarra Chami, Luis Fernando"]
[Result "1-0"]
[ECO "B30"]
[WhiteElo "2611"]
[BlackElo "2427"]
[Annotator "TA"]
[PlyCount "91"]
[EventDate "2024.09.05"]
[EventType "team-tourn"]
[EventCountry "HUN"]
[SourceTitle "playchess.com"]
[Source "ChessBase"]
[SourceQuality "1"]
[WhiteTeam "England"]
[BlackTeam "Mexico"]
[WhiteTeamCountry "ENG"]
[BlackTeamCountry "MEX"]
[TimeControl "40/5400+30:1800+30"]

1. e4 c5 2. Nf3 Nc6 3. Bb5 Nf6 4. Bxc6 dxc6 5. d3 Qc7 6. Nbd2 e5 7. Nc4 Be6 8. b3 {[%emt 0:01:48] White has an edge.} (8. Ncxe5 Bd6 9. Nc4 (9. Bf4 Nh5 $17) 9... Bxc4 $15) (8. Nfxe5 $2 b5 9. b3 bxc4 10. Nxc4 Bxc4 11. bxc4 Bd6 $19) 8... Nd7 9. Ne3 Be7 10. g4 O-O-O 11. h4 h6 12. Qe2 g6 13. Bb2 Qa5+ 14. Qd2 Qxd2+ 15. Kxd2 Bd6 16. g5 Rdf8 17. Rag1 {[%emt 0:03:07] White is more active.} f6 18. gxf6 Rxf6 19. Ke2 Rhf8 20. Rg3 b5 21. Rh2 c4 22. dxc4 $16 bxc4 23. Rhg2 Nc5 {[%emt 0:00:57] White now steadily converts the win.} ({Better is} 23... cxb3 $14 24. axb3 Bf7) 24. Nd2 cxb3 25. axb3 h5 (25... Rf4 $2 26. Rxg6 Rd8 27. Rxh6 $18) 26. f3 Nd7 ({Don't blunder} 26... Rf4 $2 27. Rxg6 Re8 28. Ndc4 $18 (28. Nec4 Bc7 $18)) 27. Rxg6 Be7 28. Rg7 R6f7 29. Rxf7 Rxf7 30. Ndc4 Rf4 (30... Rh7 {was worth a try.} 31. Nxe5 (31. Bxe5 Bxh4 32. Nd6+ Kd8 $18) 31... Nxe5 32. Bxe5 Bxh4) 31. Nxe5 $18 Nxe5 32. Bxe5 Rxh4 33. Rg7 Kd8 34. Rh7 Rh1 35. f4 Ke8 (35... Bc8 {was called for.} 36. f5 (36. Rh8+ Kd7 $18) 36... Rh4) 36. Rh8+ Kd7 37. f5 {[%emt 0:03:04][%cal Oh8h7] [#] Black must now prevent Rh7!} Bf7 38. Rh7 Ke8 39. Rh8+ Kd7 40. Bf4 {[%emt 0:01:05] White is clearly winning.} Rh4 41. Kf3 Rh3+ 42. Kg2 Rh4 {[%emt 0:03:08] [#]} 43. Kg3 $1 Rh1 44. e5 Rg1+ 45. Kf2 Rg8 46. Rh7 {[%emt 0:00:00] Weighted Error Value: White=0.23 (precise) /Black=0.30.  Mistake:       	---       	Black=4      Inaccurate:     	White=4     	Black=2      OK:         	White=21    	Black=11     Best:        	---       	Black=1} 1-0

[Event "45th FIDE Olympiad 2024"]
[Site "Budapest"]
[Date "2024.09.12"]
[Round "2.36"]
[White "Francis, Nigel"]
[Black "Akmal, Ahmad"]
[Result "1-0"]
[ECO "B48"]
[WhiteElo "1775"]
[BlackElo "1830"]
[Annotator "NA"]
[PlyCount "65"]
[EventDate "2024.09.05"]
[EventType "team-tourn"]
[EventCountry "HUN"]
[SourceTitle "playchess.com"]
[Source "ChessBase"]
[SourceQuality "1"]
[WhiteTeam "Dominica"]
[BlackTeam "Brunei Darussalam"]
[WhiteTeamCountry "DMA"]
[TimeControl "40/5400+30:1800+30"]

1. e4 c5 2. Nf3 e6 3. d4 cxd4 4. Nxd4 Nc6 5. Be3 Qc7 6. Nc3 a6 7. a3 Nf6 8. Be2 Be7 9. O-O O-O 10. f4 d6 11. Nb3 b5 12. Qd2 Bb7 13. Bf3 Rac8 14. Rac1 Nd7 15. Rfd1 Nb6 16. Be2 Nc4 17. Bxc4 bxc4 18. Nd4 Qa5 19. Nxc6 Bxc6 20. Nd5 Qd8 21. Nxe7+ Qxe7 22. Qxd6 Qh4 23. Qe5 Rfe8 24. Rd4 f6 25. Qa5 e5 26. Rxc4 exf4 27. Bf2 Qg4 28. h3 Qe2 29. Qc3 Bb7 30. Rxc8 Rxc8 31. Qb3+ Rc4 32. Qxb7 Rxc2 33. Qb3+ 1-0

[Event "45th FIDE Olympiad 2024"]
[Site "Budapest"]
[Date "2024.09.12"]
[Round "2.37"]
[White "Ferreira, Jorge Viterbo"]
[Black "Tabatabaei, M. Amin"]
[Result "1/2-1/2"]
[ECO "B51"]
[WhiteElo "2535"]
[BlackElo "2714"]
[Annotator "TA"]
[PlyCount "73"]
[EventDate "2024.09.05"]
[EventType "team-tourn"]
[EventCountry "HUN"]
[SourceTitle "playchess.com"]
[Source "ChessBase"]
[SourceQuality "1"]
[WhiteTeam "Portugal"]
[BlackTeam "Iran"]
[WhiteTeamCountry "POR"]
[BlackTeamCountry "IRI"]
[TimeControl "40/5400+30:1800+30"]

1. e4 c5 2. Nf3 d6 3. Bb5+ Nd7 4. d4 cxd4 5. Nxd4 Ngf6 6. Bd3 Nc5 7. Nc3 a6 8. Bg5 e6 9. Nb3 Ncd7 10. a4 b6 11. O-O Be7 12. f4 h6 13. Bh4 e5 14. fxe5 Nxe5 15. Nd4 O-O 16. Nf5 Bxf5 17. Rxf5 Nd5 18. Nxd5 $16 Bxh4 19. Qe2 g6 20. Rff1 {[%emt 0:00:31] White has more active pieces.} Qc8 21. Qe3 (21. Nxb6 $2 {too greedy.} Qc5+ 22. Kh1 Qxb6 $19) 21... Qc5 22. Qxc5 bxc5 23. Be2 Kg7 24. c3 a5 25. b3 Bg5 26. g3 h5 27. h4 Bh6 28. Bb5 Ra7 29. Nb6 f5 30. exf5 gxf5 31. Rad1 Kh7 32. Rxd6 {[%emt 0:01:07] Nd5 is the strong threat.} Rg7 33. Nd7 Nxd7 34. Rxd7 Rxd7 35. Bxd7 f4 36. gxf4 Rxf4 37. Rxf4 {[%emt 0:00:07] Weighted Error Value: White=0.08 (flawless) /Black=0.08 (flawless) .  Mistake:       	---       	Black=1      Inaccurate:     	White=2     	Black=2      OK:         	White=9     	Black=17     Best:        	White=2     	Black=2} 1/2-1/2

[Event "45th FIDE Olympiad 2024"]
[Site "Budapest"]
[Date "2024.09.12"]
[Round "2.37"]
[White "Sihlongonyane, Sikhanyiso"]
[Black "Mfune, Petros"]
[Result "1/2-1/2"]
[ECO "B01"]
[WhiteElo "1813"]
[BlackElo "1986"]
[Annotator "NA"]
[PlyCount "81"]
[EventDate "2024.09.05"]
[EventType "team-tourn"]
[EventCountry "HUN"]
[SourceTitle "playchess.com"]
[Source "ChessBase"]
[SourceQuality "1"]
[WhiteTeam "Eswatini"]
[BlackTeam "Malawi"]
[BlackTeamCountry "MWI"]
[TimeControl "40/5400+30:1800+30"]

1. e4 d5 2. exd5 Nf6 3. d4 Nxd5 4. h3 e6 5. Nf3 c5 6. c3 cxd4 7. cxd4 Bb4+ 8. Bd2 Nc6 9. Nc3 Nf6 10. a3 Ba5 11. Bb5 O-O 12. Bxc6 bxc6 13. O-O Bc7 14. Re1 Rb8 15. b4 a5 16. Na4 Ba6 17. Qc2 axb4 18. axb4 Bb5 19. Nc5 Qd5 20. Na6 Bxa6 21. Rxa6 Rb6 22. Ra5 Qd7 23. Rc5 Nd5 24. Rc1 Rc8 25. Ne5 Bxe5 26. dxe5 Ne7 27. Be1 h6 28. Rd1 Nd5 29. Rc1 Qb7 30. g3 Rc7 31. b5 Rxb5 32. Rxc6 Rxc6 33. Qxc6 Qxc6 34. Rxc6 Rb1 35. Kf1 Kf8 36. Ke2 Ke7 37. h4 Kd7 38. Rd6+ Ke7 39. Rc6 Kd7 40. Rd6+ Ke7 41. Rc6 1/2-1/2

[Event "45th FIDE Olympiad 2024"]
[Site "Budapest"]
[Date "2024.09.12"]
[Round "2.38"]
[White "Daneshvar, Bardiya"]
[Black "Pereira, Ruben"]
[Result "1-0"]
[ECO "D35"]
[WhiteElo "2598"]
[BlackElo "2457"]
[Annotator "RC"]
[PlyCount "183"]
[EventDate "2024.09.05"]
[EventType "team-tourn"]
[EventCountry "HUN"]
[SourceTitle "playchess.com"]
[Source "ChessBase"]
[SourceQuality "1"]
[WhiteTeam "Iran"]
[BlackTeam "Portugal"]
[WhiteTeamCountry "IRI"]
[BlackTeamCountry "POR"]
[TimeControl "40/5400+30:1800+30"]

1. c4 e6 2. Nc3 d5 3. d4 Nf6 4. cxd5 exd5 5. Bg5 c6 6. e3 h6 7. Bh4 Be7 8. Bd3 O-O 9. h3 Ne8 10. Bg3 Nd6 11. Nf3 Be6 12. O-O Nd7 13. Rc1 Re8 14. Qb3 Nb6 15. Rfd1 Ne4 16. Bh2 Bd6 17. Bxd6 Nxd6 18. a4 a5 19. Ne5 Nd7 20. Qc2 Nb8 21. Rb1 Na6 22. Na2 Qb6 23. Qd2 Bf5 24. Bxf5 Nxf5 25. b4 axb4 26. Nxb4 Nxb4 27. Rxb4 Qc7 28. Rdb1 Nd6 29. Qc2 Ra5 30. Nd3 Rea8 31. Nc5 b5 32. Qd1 Qa7 33. axb5 Nxb5 34. Qd3 Ra1 35. Rxa1 Qxa1+ 36. Rb1 Qa2 37. Rf1 Nd6 38. Qb1 Qa7 39. Qb4 Rb8 40. Qa4 Qxa4 41. Nxa4 Nc4 42. Nc5 Ra8 43. h4 Ra5 44. h5 Kf8 45. g4 Ke7 46. Kg2 Ra2 47. Kg3 Nd2 48. Rc1 Kd6 49. Kf4 Nc4 50. Kf3 Nd2+ 51. Kg3 Kc7 52. Kf4 Nc4 53. f3 Ra3 54. Rb1 Nd6 55. Rg1 Ra2 56. g5 Rh2 57. Kg4 hxg5 58. Kxg5 Rh3 59. Kg4 Rh2 60. Ra1 Rg2+ 61. Kf4 Nc8 62. Rh1 Nd6 63. h6 gxh6 64. Rxh6 Re2 65. Rf6 Rh2 66. e4 dxe4 67. Nxe4 Rh4+ 68. Ke3 Nxe4 69. Rxf7+ Kd6 70. fxe4 Rh3+ 71. Rf3 Rh6 72. Kd3 Rh1 73. Rf6+ Kd7 74. Ke3 Rd1 75. Rh6 Kc7 76. Rh7+ Kd8 77. Rg7 Kc8 78. e5 Kd8 79. Ke4 Rd2 80. e6 Re2+ 81. Kf5 Re1 82. Kf6 Rf1+ 83. Ke5 Rd1 84. Ra7 Rd2 85. e7+ Ke8 86. Ke6 Re2+ 87. Kd6 Kf7 88. Kxc6 Ke8 89. d5 Rc2+ 90. Kd6 Rc8 91. Ke6 Rc6+ 92. d6 1-0

[Event "45th FIDE Olympiad 2024"]
[Site "Budapest"]
[Date "2024.09.12"]
[Round "2.38"]
[White "Mwale, Joseph"]
[Black "Dlamini, Simphiwe"]
[Result "1-0"]
[ECO "C56"]
[WhiteElo "2063"]
[BlackElo "1747"]
[Annotator "NA RC"]
[PlyCount "41"]
[EventDate "2024.09.05"]
[EventType "team-tourn"]
[EventCountry "HUN"]
[SourceTitle "playchess.com"]
[Source "ChessBase"]
[SourceQuality "1"]
[WhiteTeam "Malawi"]
[BlackTeam "Eswatini"]
[WhiteTeamCountry "MWI"]
[TimeControl "40/5400+30:1800+30"]

1. e4 e5 2. Nf3 Nc6 3. Bc4 Nf6 4. d4 Nxe4 5. dxe5 Nc5 6. O-O Be7 7. Nc3 O-O 8. Nd5 h6 9. Be3 Ne6 10. Qd2 d6 11. exd6 Bxd6 12. Bxh6 Ne5 13. Nxe5 Bxe5 14. f4 Bd4+ 15. Kh1 Qh4 16. Bg5 Nxg5 17. fxg5 Be5 18. Ne7+ Kh8 19. Ng6+ fxg6 20. Rxf8+ Kh7 21. Rh8+ 1-0

[Event "45th FIDE Olympiad 2024"]
[Site "Budapest"]
[Date "2024.09.12"]
[Round "2.39"]
[White "Sousa, Andre Ventura"]
[Black "Idani, Pouya"]
[Result "1/2-1/2"]
[ECO "B90"]
[WhiteElo "2403"]
[BlackElo "2599"]
[Annotator "RC"]
[PlyCount "170"]
[EventDate "2024.09.05"]
[EventType "team-tourn"]
[EventCountry "HUN"]
[SourceTitle "playchess.com"]
[Source "ChessBase"]
[SourceQuality "1"]
[WhiteTeam "Portugal"]
[BlackTeam "Iran"]
[WhiteTeamCountry "POR"]
[BlackTeamCountry "IRI"]
[TimeControl "40/5400+30:1800+30"]

1. e4 c5 2. Nf3 d6 3. d4 cxd4 4. Nxd4 Nf6 5. Nc3 a6 6. Bd3 e5 7. Nde2 Be7 8. O-O O-O 9. Ng3 Bg4 10. Be2 Be6 11. Be3 g6 12. Qd2 Nbd7 13. a4 Rc8 14. a5 h5 15. f3 h4 16. Nh1 Nh7 17. Nf2 Bg5 18. Bxg5 Nxg5 19. h3 Rc6 20. Nd5 Bxd5 21. exd5 Rc7 22. c4 Nh7 23. b4 Ndf6 24. Rac1 Nh5 25. Rfd1 Nf4 26. Nd3 Nxd3 27. Bxd3 Nf6 28. Qg5 Nh5 29. Qxd8 Rxd8 30. Bf1 Nf4 31. Rb1 Kf8 32. Rb2 Ke7 33. b5 Rc5 34. bxa6 bxa6 35. Ra1 Rd7 36. Rb8 Ra7 37. Kf2 Nh5 38. Ra2 Nf6 39. Rh8 g5 40. g3 hxg3+ 41. Kxg3 Rcc7 42. Rb2 Rc5 43. Ra2 Nd7 44. Rh5 Rb7 45. Rxg5 Rb1 46. Kf2 Rc8 47. Bd3 Rb3 48. Bf1 Nc5 49. Rg4 Rh8 50. Kg2 Rh6 51. Be2 f5 52. Rg3 Rb8 53. Bf1 Kf6 54. Kg1 Rb3 55. Kg2 Rh8 56. Be2 Rb1 57. Kh2 Nb3 58. Bd3 Rc1 59. Kg2 Nc5 60. Be2 Rb1 61. Kh2 Rhb8 62. Rg2 Rc1 63. Rg1 Rc3 64. h4 Rh8 65. Kh3 Rb3 66. Bd1 Rc3 67. Rc2 Rd3 68. Rcg2 e4 69. Rg3 Rd2 70. Rg6+ Ke5 71. fxe4 Nxe4 72. Bf3 Rd3 73. Kg2 Rb8 74. Re1 Kd4 75. Bxe4 Rb2+ 76. Kg1 fxe4 77. Rg4 Kxc4 78. Rgxe4+ Kxd5 79. Rg4 Rb5 80. Kg2 Rb2+ 81. Kg1 Rb5 82. Kg2 Rd2+ 83. Kg1 Rd4 84. Rg6 Rxh4 85. Rd1+ Kc5 1/2-1/2

[Event "45th FIDE Olympiad 2024"]
[Site "Budapest"]
[Date "2024.09.12"]
[Round "2.39"]
[White "Mbongeni, Mabuza"]
[Black "Chipanga, Chiletso"]
[Result "1/2-1/2"]
[ECO "D11"]
[WhiteElo "1784"]
[BlackElo "2089"]
[Annotator "NA"]
[PlyCount "128"]
[EventDate "2024.09.05"]
[EventType "team-tourn"]
[EventCountry "HUN"]
[SourceTitle "playchess.com"]
[Source "ChessBase"]
[SourceQuality "1"]
[WhiteTeam "Eswatini"]
[BlackTeam "Malawi"]
[BlackTeamCountry "MWI"]
[TimeControl "40/5400+30:1800+30"]

1. d4 d5 2. Nf3 Nf6 3. g3 Bf5 4. Bg2 e6 5. O-O Be7 6. c4 c6 7. Ne5 Nbd7 8. f4 h5 9. cxd5 exd5 10. h3 Ne4 11. Kh2 f6 12. Nxd7 Qxd7 13. Nc3 O-O-O 14. Nxe4 dxe4 15. Be3 Kb8 16. Qa4 Qd5 17. b4 Qb5 18. Qxb5 cxb5 19. a3 Rc8 20. Rfc1 Rc4 21. Rxc4 bxc4 22. Bd2 Rc8 23. Bc3 e3 24. Bf3 Bd6 25. Kg2 h4 26. g4 Bd7 27. f5 b5 28. Be4 Re8 29. Kf3 Bg3 30. Rd1 Kc7 31. Kxe3 g6 32. Kf3 gxf5 33. Bxf5 Bxf5 34. gxf5 Rg8 35. Rg1 Kd6 36. e4 Rc8 37. Rd1 Rg8 38. Rg1 Rc8 39. Rg2 Rc7 40. Re2 Rf7 41. e5+ Kd5 42. e6 Re7 43. Re4 Bd6 44. Rxh4 a5 45. Ke3 axb4 46. Bxb4 Ra7 47. Rh8 Bxb4 48. axb4 Ra3+ 49. Kd2 Ra2+ 50. Kc3 Ra3+ 51. Kb2 Ra7 52. Rd8+ Ke4 53. Rd7 Ra8 54. e7 Kd3 55. Rd8 c3+ 56. Kb3 c2 57. e8=Q c1=Q 58. Qxb5+ Kd2 59. Rxa8 Qc2+ 60. Ka3 Qc3+ 61. Ka4 Qa1+ 62. Kb3 Qc3+ 63. Ka2 Qc2+ 64. Ka3 Qc3+ 1/2-1/2